 Dungeon Crawl Stone Soup version 0.19-a0-1067-g0b1d89b (webtiles) character file.

83937 AlphabetPasta the Impaler (level 15, -9/121 HPs)
             Began as a Merfolk Fighter on Aug 4, 2016.
             Was a High Priest of Okawaru.
             Killed by divine providence
             ... invoked by a meliai
              (15 damage)
             ... on level 15 of the Dungeon.
             The game lasted 01:53:03 (23881 turns).

AlphabetPasta the Impaler (Merfolk Fighter)        Turns: 23881, Time: 01:53:07

Health: -9/121     AC: 30    Str: 21    XL:     15   Next: 78%
Magic:  16/20      EV: 13    Int:  9    God:    Okawaru [*****.]
Gold:   943        SH: 14    Dex: 15    Spells: 0 memorised, 14 levels left

rFire  + . .     SeeInvis +     a - +2 trident (pierce)
rCold  . . .     Gourm    .     X - +3 plate armour
rNeg   . . .     Faith    .     P - +2 shield {AC+3}
rPois  +         Spirit   .     i - +2 helmet
rElec  .         Dismiss  .     F - +1 cloak {rPois}
rCorr  .         Reflect  .     h - +1 pair of gloves
SustAt .         Harm     .     O - +0 pair of boots of the Nexus {rF+ Str-4 SInv}
MR     ++...                    A - amulet of regeneration
Stlth  ..........               M - ring of protection from magic
                                B - +5 ring of strength

@: finesse
A: change form in water, swift swim
a: Heroism, Finesse, Renounce Religion


You were on level 15 of the Dungeon.
You worshipped Okawaru.
Okawaru was extremely pleased with you.
You were not hungry.

You visited 4 branches of the dungeon, and saw 24 of its levels.

You collected 2284 gold pieces.
You spent 1341 gold pieces at shops.

Inventory:

Hand Weapons
 a - a +2 trident of piercing (weapon)
Missiles
 v - 4 javelins of returning
 y - 12 javelins (quivered)
Armour
 h - a +1 pair of gloves (worn)
 i - a +2 helmet (worn)
 F - a +1 cloak of poison resistance (worn)
 O - the +0 pair of boots of the Nexus (worn) {rF+ Str-4 SInv}
   (Okawaru gifted it to you on level 12 of the Dungeon)

   It affects your strength (-4).
   It protects you from fire.
   It lets you see invisible.
 P - a +2 shield of protection (worn)
 U - a +2 crystal plate armour
 X - a +3 plate armour (worn)
Jewellery
 r - an uncursed ring of positive energy
 u - an uncursed ring of sustain attributes
 A - an amulet of regeneration (around neck)
 B - a +5 ring of strength (left hand)
 M - a ring of protection from magic (right hand)
 V - an uncursed ring of flight
Wands
 n - a wand of paralysis (17/24)
 q - a wand of acid (8/15)
 w - a wand of enslavement (14/24)
 H - a wand of enslavement (13/24)
 I - a wand of iceblast (5/15)
 J - a wand of flame (16/48)
 K - a wand of iceblast (6/15)
 L - a wand of slowing (11/48)
 R - a wand of polymorph (7/24)
 S - a wand of slowing (7/48)
 Z - a wand of lightning (6/15)
Scrolls
 b - 4 scrolls of enchant weapon
 e - 11 scrolls of remove curse
 x - 4 scrolls of enchant armour
 z - 3 scrolls of teleportation
 E - 4 scrolls of magic mapping
 N - 6 scrolls of identify
 Q - 3 scrolls of blinking
 T - a scroll of brand weapon
 W - 3 scrolls of fog
 Y - a scroll of recharging
Potions
 d - 5 potions of might
 k - 4 potions of resistance
 l - 5 potions of flight
 o - 6 potions of curing
 s - 3 potions of agility
 t - 3 potions of cancellation
 D - a potion of cure mutation
 G - 3 potions of heal wounds
Comestibles
 f - 9 bread rations
 g - 10 slices of pizza
 j - 2 beef jerkies
 m - 8 chunks of flesh
 p - 25 fruits
 C - 8 meat rations


   Skills:
 + Level 12.2 Fighting
 - Level 16.1 Polearms
 + Level 8.2 Throwing
 * Level 9.6 Armour
 + Level 13.3 Dodging
 + Level 10.9 Shields
 - Level 7.7 Invocations
 + Level 7.2 Evocations


You had 14 spell levels left.
You didn't know any spells.

Dungeon Overview and Level Annotations

Branches:
Dungeon (15/15)            Temple (1/1) D:4            Lair (6/6) D:11
 Shoals (0/4) Lair:4       Spider (0/4) Lair:4        Slime (0/5) Lair:6
    Orc (2/2) D:10            Elf (0/3) Orc:2        Vaults (0/5) D:14
 Depths: D:15

Altars:
Ashenzari
Cheibriados
Dithmenos
Elyvilon
Fedhas
Gozag
Hepliaklqana
Kikubaaqudgha
Makhleb
Nemelex Xobeh
Okawaru
Pakellas
Qazlal
Ru
Sif Muna
Trog
Uskayaw
Vehumet
Xom
Yredelemnul
Zin
The Shining One

Shops:
D:6 !   D:9 *[?}[   D:11 ***}   D:14 *   Orc:2 [(=?

Portals:
Trove: D:10 (give +6 demon blade)


Message History

Things that are here:
a flail; a robe You block the meliai's attack.
The meliai misses you. The meliai barely misses you.
The meliai stings you but does no damage.
The meliai barely misses you.
The meliai stings you but does no damage.
The meliai calls down the wrath of its god upon you.
Something smites you!
* * * LOW HITPOINT WARNING * * *
The meliai misses you. The meliai closely misses you.
The meliai calls down the wrath of its god upon you.
Something smites you!
* * * LOW HITPOINT WARNING * * *
The meliai invokes the aid of its god against you.
Something smites you!
* * * LOW HITPOINT WARNING * * *
The meliai calls down the wrath of its god upon you.
Something smites you!
You die...

#.# #.####..#.#
#..........#..#
..#.###.###...#
#.............#
#........######
##.....##
#...#.# #.##..#
#@##))# #yyO..#
#OO...# #y##..#
#.#.#.# ...##.#
#... ..# #...
.# ..#..


You could see 2 two-headed ogres, an ogre and 3 meliai.

Vanquished Creatures
  Rupert (Lair:3)
  Frances (D:13)
  An orc warlord (Orc:2)
  A stone giant (Orc:1)
  Snorg (Lair:4)
  A fire dragon (Lair:6)
  A yaktaur captain (D:15)
  3 vault guards (D:14)
  4 hydras
  Erica (D:9)
  A centaur warrior (D:14)
  An ogre mage (D:15)
  A tengu warrior (D:14)
  3 orc high priests (Orc:2)
  The ghost of myxocpahck the Basher, a novice GrMo of Nemelex Xobeh (D:11)
  Sonja (Lair:4)
  A deep troll (D:14)
  5 unseen horrors
  2 wizards (D:14)
  Pikel (D:7)
  8 orc knights
  2 hill giants
  2 ugly things (D:12)
  7 orc sorcerers
  4 cyclopes
  2 griffons
  2 deep elf magi (D:13)
  5 elephants (Lair:6)
  A manticore (D:13)
  Maurice (D:8)
  A centaur zombie (D:14)
  10 black mambas
  A gargoyle (D:14)
  17 spiny frogs
  3 kobold demonologists
  8 rime drakes
  11 komodo dragons
  A tengu conjurer (D:14)
  A yaktaur (D:14)
  A jumping spider (Lair:4)
  15 trolls
  3 blink frogs (Lair:6)
  A vampire (D:14)
  5 wyverns
  2 wraiths
  2 shadows
  2 humans (D:14)
  42 yaks
  3 hogs (D:14)
  A hungry ghost (D:10)
  2 basilisks
  5 hippogriffs
  2 steam dragons (Lair:6)
  3 mottled dragons
  3 wargs
  14 water moccasins
  A soldier ant (D:13)
  Duvessa (D:5)
  A swamp drake (Lair:6)
  14 porcupines
  24 orc warriors
  6 sky beasts
  5 ice beasts
  An eye of draining (D:13)
  2 black bears
  A wasp (D:10)
  2 phantoms
  17 ogres
  11 wolves (Lair:4)
  19 crocodiles
  7 centaurs
  6 big kobolds
  24 giant frogs
  A wyvern zombie (D:10)
  Dowan (D:5)
  6 scorpions
  A water moccasin skeleton (D:8)
  A wight (D:6)
  3 killer bees (D:13)
  7 electric eels
  4 howler monkeys
  A lava snake (D:9)
  9 crimson imps
  6 hounds
  10 jellies
  15 orc priests
  27 orc wizards
  2 quasits (D:10)
  3 centaur skeletons
  2 giant frog skeletons (D:6)
  Jessica (D:3)
  6 iguanas
  Terence (D:3)
  9 worker ants
  34 sheep
  A killer bee zombie (D:8)
  A hound zombie (D:6)
  A howler monkey skeleton (D:9)
  14 adders
  4 gnolls (D:2)
  32 river rats
  3 shadow imps
  2 oozes
  2 adder skeletons
  4 worms
  8 giant geckos
  58 orcs
  3 giant cockroaches
  6 goblins
  7 hobgoblins
  5 jackals
  32 kobolds
  4 quokkas
  A ball python (D:1)
  A ball python zombie (D:6)
  7 bats
  3 giant gecko skeletons
  4 giant newts
  2 rats
722 creatures vanquished.

Vanquished Creatures (others)
  An orc warrior (D:14)
  A giant frog skeleton (D:7)
  2 jackals (D:9)
  A bush (D:14)
  7 fungi
  4 plants
16 creatures vanquished.

Grand Total: 738 creatures vanquished

Notes
Turn   | Place    | Note
-------+----------+-------------------------------------------
     0 | D:1      | AlphabetPasta the Merfolk Fighter began the quest for the Orb.
     0 | D:1      | Reached XP level 1. HP: 18/18 MP: 1/1
   135 | D:1      | Reached XP level 2. HP: 24/24 MP: 2/2
  1055 | D:2      | Reached XP level 3. HP: 21/29 MP: 3/3
  1059 | D:2      | Reached skill level 4 in Polearms
  1059 | D:2      | Reached skill level 1 in Dodging
  1213 | D:2      | Found a glowing golden altar of the Shining One.
  1253 | D:2      | Reached XP level 4. HP: 25/37 MP: 4/4
  1947 | D:3      | Found a bloodstained altar of Trog.
  1949 | D:3      | Found a sparkling altar of Nemelex Xobeh.
  1949 | D:3      | Noticed an ogre
  1959 | D:3      | Killed an ogre
  1959 | D:3      | Reached skill level 5 in Polearms
  1959 | D:3      | Reached XP level 5. HP: 16/42 MP: 5/5
  2047 | D:3      | Noticed Terence
  2055 | D:3      | Killed Terence
  2184 | D:3      | Noticed Jessica
  2192 | D:3      | Killed Jessica
  2192 | D:3      | Reached XP level 6. HP: 48/48 MP: 6/6
  2731 | D:4      | Reached skill level 6 in Polearms
  2882 | D:4      | Reached XP level 7. HP: 23/55 MP: 7/7
  3103 | D:4      | Found a deep blue altar of Sif Muna.
  3125 | D:4      | Found a staircase to the Ecumenical Temple.
  3132 | Temple   | Entered the Ecumenical Temple
  3196 | Temple   | Became a worshipper of Warmaster Okawaru
  3421 | D:4      | Reached skill level 1 in Invocations
  3788 | D:5      | Entered Level 5 of the Dungeon
  3915 | D:5      | Reached skill level 7 in Polearms
  3960 | D:5      | Noticed Duvessa
  3961 | D:5      | Noticed Dowan
  3971 | D:5      | Killed Duvessa
  3979 | D:5      | Reached skill level 5 in Fighting
  4002 | D:5      | Killed Dowan
  4002 | D:5      | Reached * piety under Okawaru
  4220 | D:5      | Found a stormy altar of Qazlal.
  4222 | D:5      | Noticed an air elemental
  4222 | D:5      | Noticed a water elemental
  4223 | D:5      | Noticed a fire elemental
  4279 | D:5      | Reached XP level 8. HP: 50/62 MP: 9/9
  4635 | D:6      | Reached skill level 8 in Polearms
  5031 | D:6      | Found Tiqin's Distillery.
  5052 | D:6      | Bought a potion of curing for 39 gold pieces
  5052 | D:6      | Bought a potion of lignification for 39 gold pieces
  5052 | D:6      | Bought a potion of brilliance for 52 gold pieces
  5052 | D:6      | Bought a potion of mutation for 32 gold pieces
  5332 | D:6      | Reached skill level 5 in Dodging
  5451 | D:6      | Reached skill level 9 in Polearms
  5536 | D:6      | Noticed a troll
  5785 | D:7      | Reached ** piety under Okawaru
  5801 | D:7      | Reached XP level 9. HP: 35/69 MP: 11/11
  5906 | D:7      | Reached skill level 5 in Shields
  5965 | D:7      | Noticed Pikel
  6003 | D:7      | Killed Pikel
  6003 | D:7      | Reached skill level 10 in Polearms
  6083 | D:7      | Found a shimmering altar of Xom.
  6202 | D:7      | Reached *** piety under Okawaru
  6441 | D:8      | Got a spiked scale mail
  6452 | D:8      | Identified the +3 scale mail of Mumniden {Dex+5} (You found it on level 8 of the Dungeon)
  6517 | D:8      | Noticed Maurice
  6518 | D:8      | Noticed Erica
  6596 | D:8      | Killed Maurice
  6677 | D:8      | Reached skill level 11 in Polearms
  6782 | D:8      | Reached XP level 10. HP: 71/77 MP: 13/13
  7334 | D:9      | Found Menoan's Antique Armour Emporium.
  7336 | D:9      | Found Sufav's Gadget Shoppe.
  7346 | D:9      | Bought an embroidered cloak for 108 gold pieces
  7380 | D:9      | Found Tiutawny's Antique Armour Shop.
  7424 | D:9      | Killed Erica
  7424 | D:9      | Reached skill level 5 in Invocations
  7454 | D:9      | Found Pafefekh's Magic Scroll Shop.
  7457 | D:9      | Bought a scroll of identify for 26 gold pieces
  7457 | D:9      | Bought a scroll of identify for 26 gold pieces
  7457 | D:9      | Bought a scroll of identify for 26 gold pieces
  7517 | D:9      | Found Bonigoh's General Store.
  7523 | D:9      | Reached **** piety under Okawaru
  7720 | D:9      | Reached skill level 12 in Polearms
  7962 | D:9      | Found a burning altar of Makhleb.
  7965 | D:9      | Found a hazy altar of Hepliaklqana.
  7968 | D:9      | Found a shattered altar of Ashenzari.
  8004 | D:10     | Entered Level 10 of the Dungeon
  8119 | D:10     | Found a staircase to the Orcish Mines.
  8209 | D:10     | Reached skill level 5 in Armour
  8506 | D:10     | Reached ***** piety under Okawaru
  8662 | D:10     | Found a portal to a secret trove of treasure.
  8707 | D:10     | Reached XP level 11. HP: 84/84 MP: 15/15
  9007 | D:11     | Noticed a sixfirhy
  9022 | D:11     | Reached skill level 13 in Polearms
  9164 | D:11     | Killed an unseen horror
  9528 | D:11     | Found Qeitsa's General Store.
  9571 | D:11     | Noticed a seven-headed hydra
  9584 | D:11     | Killed a seven-headed hydra
  9590 | D:11     | Found a staircase to the Lair.
  9598 | D:11     | Found Roreth's Assorted Antiques.
  9613 | D:11     | Noticed myxocpahck's ghost (novice GrMo)
  9631 | D:11     | Killed myxocpahck's ghost
  9639 | D:11     | Bought a bone wand for 100 gold pieces
  9639 | D:11     | Bought a shiny brass wand for 100 gold pieces
  9697 | D:11     | Found Icoijot's Gadget Shop.
  9709 | D:11     | Found Utrigo's Assorted Antiques.
  9717 | D:11     | Bought a wooden ring for 120 gold pieces
  9717 | D:11     | Bought a scroll of identify for 48 gold pieces
  9717 | D:11     | Bought a scroll of identify for 48 gold pieces
 10182 | D:12     | Received a gift from Okawaru
 10187 | D:12     | Reached skill level 14 in Polearms
 10208 | D:12     | Noticed a brown ugly thing
 10224 | D:12     | Killed a brown ugly thing
 10302 | D:12     | Noticed a cyan ugly thing
 10323 | D:12     | Killed a cyan ugly thing
 10391 | D:12     | Reached skill level 1 in Throwing
 10420 | D:12     | Reached XP level 12. HP: 84/94 MP: 17/17
 10685 | D:12     | Received a gift from Okawaru
 10715 | D:12     | Got a pair of jewelled boots {god gift}
 10721 | D:12     | Identified the +0 pair of boots of the Nexus {rF+ Str-4 SInv} (Okawaru gifted it to you on level 12 of the Dungeon)
 11778 | Lair:1   | Entered Level 1 of the Lair of Beasts
 11880 | Lair:1   | Reached skill level 10 in Dodging
 12491 | Lair:2   | Reached skill level 1 in Evocations
 13627 | Lair:3   | Noticed Rupert
 13633 | Lair:3   | Paralysed by Rupert for 2 turns
 13655 | Lair:3   | Killed Rupert
 13655 | Lair:3   | Received a gift from Okawaru
 13655 | Lair:3   | Reached ****** piety under Okawaru
 13655 | Lair:3   | Reached skill level 15 in Polearms
 13655 | Lair:3   | Reached XP level 13. HP: 103/103 MP: 11/18
 13917 | Lair:3   | Reached skill level 10 in Fighting
 14570 | Lair:4   | Got a twisted spear
 14571 | Lair:4   | Identified the cursed +1 spear of Row Tiblona {venom, *Noise +Blink SInv} (You found it on level 4 of the Lair of Beasts)
 14588 | Lair:4   | Noticed Snorg
 14615 | Lair:4   | Killed Snorg
 14615 | Lair:4   | Received a gift from Okawaru
 14615 | Lair:4   | Reached skill level 5 in Throwing
 14759 | Lair:4   | Noticed Sonja
 14825 | Lair:4   | Killed Sonja
 15241 | Lair:4   | Found a staircase to the Shoals.
 15292 | Lair:4   | Found a hole to the Spider Nest.
 16119 | Lair:5   | Reached XP level 14. HP: 104/111 MP: 19/19
 16497 | Lair:5   | Reached skill level 16 in Polearms
 16793 | Lair:6   | Entered Level 6 of the Lair of Beasts
 16878 | Lair:6   | Found a staircase to the Slime Pits.
 16882 | Lair:6   | Received a gift from Okawaru
 17124 | Lair:6   | Received a gift from Okawaru
 17124 | Lair:6   | Reached skill level 5 in Evocations
 18413 | Orc:1    | Entered Level 1 of the Orcish Mines
 18436 | Orc:1    | Noticed a stone giant
 18451 | Orc:1    | Killed a stone giant
 18732 | Orc:1    | Received a gift from Okawaru
 18745 | Orc:1    | Got a crude cloak {god gift}
 18756 | Orc:1    | Identified the +0 cloak of the Snake Pit {+Blink rF- Regen+ Stlth-} (Okawaru gifted it to you on level 1 of the Orcish Mines)
 18798 | Orc:2    | Entered Level 2 of the Orcish Mines
 18844 | Orc:1    | Paralysed by an orc sorcerer for 5 turns
 19302 | Orc:2    | Found a staircase to the Elven Halls.
 19566 | Orc:2    | Noticed an orc warlord
 19573 | Orc:2    | Reached skill level 10 in Shields
 19608 | Orc:2    | Killed an orc warlord
 19663 | Orc:2    | Found Isolir's Antique Armour Shop.
 20241 | Orc:2    | Found Amumom's Weapon Shop.
 20276 | Orc:2    | Reached XP level 15. HP: 61/119 MP: 15/20
 20309 | Orc:2    | Found Goynam's Magic Scroll Emporium.
 20309 | Orc:2    | Found Ixigoto's Jewellery Emporium.
 20353 | Orc:2    | Bought a scroll of summoning for 152 gold pieces
 20353 | Orc:2    | Bought a scroll of blinking for 120 gold pieces
 20467 | D:9      | Bought a scroll of brand weapon for 260 gold pieces
 20467 | D:9      | Bought a scroll of fear for 45 gold pieces
 21206 | D:13     | Received a gift from Okawaru
 21479 | D:13     | Noticed Frances
 21537 | D:13     | Killed Frances
 22262 | D:14     | Received a gift from Okawaru
 22674 | D:14     | Received a gift from Okawaru
 22677 | D:14     | Got a pair of smoking boots {god gift}
 22688 | D:14     | Identified the +0 pair of boots of Responsibility {Str+3} (Okawaru gifted it to you on level 14 of the Dungeon)
 22780 | D:14     | Found an opulent altar of Gozag.
 22782 | D:14     | Found Gozag's Platinum Reserve.
 23125 | D:14     | Found a gate to the Vaults.
 23813 | D:15     | Entered Level 15 of the Dungeon
 23881 | D:15     | HP: 6/121 [meliai/divine providence (14)]
 23881 | D:15     | Killed from afar by a meliai

Vault maps used:
D:1:      dpeg_arrival_signposts, serial_co_window_serial, co_window_paths_b,
          co_window_paths_a, co_window_of_opportunity_a, co_window_paths_b,
          co_window_corner_a, co_window_broadway_b, co_window_2corner,
          co_window_of_opportunity_b, co_window_unsneaky_path_e,
          co_window_paths_d, co_window_paths_e, glass_columns_a,
          glass_columns_b, glass_columns_b, glass_columns_c
D:2:      tso_metal_star, first_bread
D:3:      grunt_temple_overflow_open, uniq_terence, uniq_jessica
D:4:      lemuel_round_altar
D:5:      nicolae_qazlal_style_of_elements, uniq_duvessa
D:6:      kennysheep_windowed_halls, serial_shops, shop
D:7:      kennysheep_mini_moat, uniq_pikel
D:8:      uniq_maurice, uniq_erica
D:9:      grunt_temple_overflow_diamond, serial_shops, nicolae_shop_stone,
          kennysheep_mini, nicolae_shop_overgrown_old_shop, shop, shop
D:10:     orc_0_dummy, enter_trove_6
D:11:     lair_0_dummy, serial_shops, shop, shop_coins,
          nicolae_shop_competitors_out_of_business,
          nicolae_shop_overgrown_old_shop
D:13:     uniq_frances
D:14:     lemuel_troll_bridge, grunt_vaults_entry_fortified, minmay_hedge_maze,
          grunt_livestock, nicolae_gozag_zags_fifth_avenue
D:15:     hangedman_slaughterboxes
Temple:   eino_temple_water
Lair:1:   lemuel_fruit_tree
Lair:2:   hangedman_lair_generics_rect
Lair:3:   beast_lair_carwin_8, uniq_rupert
Lair:4:   minmay_shoals_entry_centaurs, spider_nest_entry_rubble,
          beast_lair_carwin_4, grunt_megastairs_4, uniq_sonja, uniq_snorg
Lair:5:   minmay_stone_trees_small, serial_bayou_ford_a,
          infiniplex_staircase_pool, grunt_megastairs_3
Lair:6:   guppyfry_lair_end_dragon, nicolae_slime_entry_slimehenge
Orc:2:    st_orc_elflike

Skill      XL: |  1  2  3  4  5  6  7  8  9 10 11 12 13 14 15 |
---------------+----------------------------------------------+-----
Polearms       | 4 5 6 7 9 11 12 14 15 16 | 16.1
Dodging        | 1 2 3 4 5 7 8 9 10 11 12 13 | 13.3
Fighting       | 4 5 6 7 8 9 10 11 12 | 12.2
Shields        | 4 5 6 7 8 9 10 | 10.9
Armour         | 3 4 5 6 7 8 9 |  9.6
Invocations    | 2 3 4 6 7 |  7.7
Throwing       | 1 4 6 7 8 |  8.2
Evocations     | 2 4 6 7 |  7.2

Action                   |  1- 3 |  4- 6 |  7- 9 | 10-12 | 13-15 || total
-------------------------+-------+-------+-------+-------+-------++-------
Melee: Trident           |    78 |   214 |   441 |  1307 |  2647 ||  4687
       Tailslap          |       |       |       |       |    16 ||    16
Throw: Javelin           |       |       |     4 |    37 |    61 ||   102
Invok: Heroism           |       |       |     4 |    12 |    11 ||    27
       Finesse           |       |       |       |     2 |     7 ||     9
Evoke: Wand              |       |       |       |     5 |     1 ||     6
  Use: Scroll            |       |     5 |    11 |    14 |     4 ||    34
       Potion            |       |     1 |     3 |     1 |     2 ||     7
 Stab: Sleeping          |       |       |       |       |     1 ||     1
       Confused          |       |       |       |       |     2 ||     2
  Eat: Chunk             |     1 |     5 |    19 |    15 |    29 ||    69
       Bread ration      |       |       |     1 |       |       ||     1
       Beef jerky        |       |       |       |     1 |     3 ||     4
       Royal jelly       |       |       |       |     1 |       ||     1
       Fruit             |       |       |       |       |     2 ||     2
Armor: Scale mail        |    27 |    53 |   126 |   235 |    41 ||   482
       Crystal plate arm |       |       |       |       |   120 ||   120
       Plate armour      |       |       |       |       |   553 ||   553
Dodge: Dodged            |    15 |    48 |   138 |   388 |   505 ||  1094
Block: Shield            |    30 |    63 |   146 |   441 |  1002 ||  1682
